 Dungeon Crawl Stone Soup version 0.31-a0-218-g813d01f837 (webtiles) character file.

Game seed: 5347252595215446465

21 qw the Shield-Bearer (level 2, -2/19 HPs)
             Began as a Gargoyle Fighter on July 3, 2023.
             Killed from afar by Natasha (4 damage)
             ... with a magic dart
             ... on level 2 of the Dungeon.
             The game lasted 00:00:19 (524 turns).

qw the Shield-Bearer (Gargoyle Fighter)              Turns: 524, Time: 00:00:20

Health: -2/19      AC:  9    Str: 19    XL:     2   Next: 83%
Magic:  2/2        EV:  9    Int:  8    God:
Gold:   58         SH:  4    Dex:  9    Spells: 1/1 levels left

rFire   . . .        Y - +0 war axe
rCold   . . .        c - +0 buckler
rNeg    + . .        b - +0 scale mail
rPois   inf          (no helmet)
rElec   +            (no cloak)
rCorr   .            (no gloves)
SInv    .            (no boots)
Will    .....        (no amulet) Stlth
                     (no ring)
HPRegen 0.23/turn    (no ring)
MPRegen 0.08/turn

%: no passive effects
@: no status effects
A: sickness immunity, AC +2, negative energy resistance 1, electricity
resistance, torment resistance 1, petrification resistance
a: no special abilities


You were on level 2 of the Dungeon.
You visited 1 branch of the dungeon, and saw 2 of its levels.

You collected 58 gold pieces.


Innate Abilities, Weirdness & Mutations

You are immune to sickness and miasma.
Your stone body is resilient. (AC +2)
You are immune to poison.
You resist negative energy. (rN+)
You are resistant to electric shocks. (rElec)
You are resistant to unholy torment.
You are immune to petrification.


   Skills:
 - Level 3.2 Fighting
 + Level 3.0 Axes
 - Level 3.2 Armour
 - Level 3.2 Shields


You had one spell level left.
You didn't know any spells.
Your spell library was empty.

Inventory:

Hand Weapons
 j - a +0 club
 Y - a +0 war axe (weapon)
Armour
 b - a +0 scale mail (worn)
 c - a +0 buckler (worn)
Scrolls
 a - a scroll of identify
Potions
 d - a potion of might
 g - a potion of degeneration {unknown}
 h - a potion of enlightenment {unknown}

Dungeon Overview and Level Annotations

Branches:
Dungeon (2/15)

Altars:

Annotations:
D:2 Natasha


Message History

514 ||| Stepping ~*~*~tactically~*~*~ (hiding).
515 ||| Stepping ~*~*~tactically~*~*~ (hiding).
Found 6 gold pieces.
516 ||| Stepping ~*~*~tactically~*~*~ (hiding).
517 ||| Stepping ~*~*~tactically~*~*~ (hiding).
An endoplasm comes into view.
Found 15 gold pieces.
The endoplasm quivers.
518 ||| Stepping ~*~*~tactically~*~*~ (hiding).
Found a stone staircase leading down.
Natasha mumbles some strange words.
The cerulean imp hits you but does no damage.
You hit Natasha but do no damage. You hit the cerulean imp. Natasha claws you.
The cerulean imp hits you but does no damage.
Natasha claws you.
You closely miss the cerulean imp.
The cerulean imp is lightly wounded.
You barely miss Natasha. The cerulean imp closely misses you.
Natasha mumbles some strange words.
You closely miss the cerulean imp.
The cerulean imp is lightly wounded.
You hit the endoplasm. You miss Natasha. You block the cerulean imp's attack.
Natasha mumbles some strange words.
The endoplasm freezes you.
You are frozen.
The cerulean imp hits you from afar with a +2 spear.
The cerulean imp closely misses you.
You barely miss the cerulean imp.
The cerulean imp is lightly wounded.
You hit the endoplasm.
You kill the endoplasm!
You slash Natasha! Natasha casts a spell at you. The magic dart hits you.
The cerulean imp closely misses you.
The cerulean imp hits you but does no damage.
Natasha casts a spell at you. The magic dart hits you.
You die...

.....$....##
...........#
......$....#
...........#
#..........# ..
#..........# h##
#........## ...#
##.........# .....
#........@h####.!.##
##........5.5........
####..........5.......#
#................#....#
#.............:..# ...#
#......#.........# ..#
#......##<%%.....#
#......####..#####
#......# #..####


You could see Natasha and 3 cerulean imps.

Vanquished Creatures
  4 ball pythons
  An endoplasm (D:2)
  A giant cockroach (D:1)
  2 hobgoblins (D:1)
  2 quokkas
  5 bats (D:1)
  2 frilled lizards
  A goblin (D:1)
  A kobold (D:1)
19 creatures vanquished.

Notes
Turn   | Place    | Note
-------+----------+-------------------------------------------
     0 | D:1      | qw the Gargoyle Fighter began the quest for the Orb.
     0 | D:1      | Reached XP level 1. HP: 14/14 MP: 1/1
     0 | D:1      | 0 ||| qw: Version: 0.3-a-40-ge99b1a8
     0 | D:1      | 0 ||| qw: Game counter: 310
     0 | D:1      | 0 ||| qw: Melee chars always use a shield: true
     0 | D:1      | 0 ||| qw: God list: Okawaru
     0 | D:1      | 0 ||| qw: Allow faded altars: false
     0 | D:1      | 0 ||| qw: Do Orc after clearing Dungeon:15 true
     0 | D:1      | 0 ||| qw: Do second Lair branch before Depths: true
     0 | D:1      | 0 ||| qw: Lair rune preference: random
     0 | D:1      | 0 ||| qw: Goals: Normal, Zot:1-4, Slime:5, God:TSO, Crypt,
                  | Tomb, Abyss, Pan, Hells, Win
     0 | D:1      | 0 ||| PLANNING D:1-11
   133 | D:1      | Reached XP level 2. HP: 17/19 MP: 2/2
   465 | D:1      | 465 ||| READING 2 scrolls labelled QEIVITT XECUGA.
   466 | D:1      | 466 ||| READING scroll labelled SIUH YPULUGH.
   467 | D:1      | 467 ||| READING scroll labelled AHI SAYQULAAL.
   510 | D:2      | Reached skill level 3 in Axes
   513 | D:2      | Noticed Natasha
   514 | D:2      | 514 ||| Stepping ~*~*~tactically~*~*~ (hiding).
   515 | D:2      | 515 ||| Stepping ~*~*~tactically~*~*~ (hiding).
   516 | D:2      | 516 ||| Stepping ~*~*~tactically~*~*~ (hiding).
   517 | D:2      | 517 ||| Stepping ~*~*~tactically~*~*~ (hiding).
   518 | D:2      | 518 ||| Stepping ~*~*~tactically~*~*~ (hiding).
   524 | D:2      | HP: 2/19 [Natasha/magic dart (6)]
   524 | D:2      | Killed from afar by Natasha

Levels and vault maps discovered:
D:1:      lightli_arrival_boilingwater, layout_basic, st_stairs_5
D:2:      layout_rooms, uniq_natasha

Skill      XL: |  1  2 |
---------------+-------+-----
Axes           | 2 3 |  3.0
Fighting       | |  3.2
Armour         | |  3.2
Shields        | |  3.2

Action                     || total
---------------------------++-------
  Melee: War axe           ||    58
    Use: Scroll            ||     3
 Armour: Scale mail        ||    39
  Dodge: Dodged            ||    33
  Block: Buckler           ||    19

Table legend:
 A = Non-vault XP
 B = Vault XP
 C = Vault XP percentage of total XP
 D = Non-vault monster count
 E = Vault monster count
 F = Vault count percentage of total count
                 A         B        C        D         E       F
            +---------+---------+-------+---------+---------+-------
      Total |      28 |       4 |  12.5 |      17 |       2 |  10.5
            +---------+---------+-------+---------+---------+-------
        D:1 |      19 |       4 |  17.4 |      12 |       2 |  14.3
        D:2 |       9 |       0 |   0.0 |       5 |       0 |   0.0
            +---------+---------+-------+---------+---------+-------
